 Dungeon Crawl Stone Soup version 0.26.1-11-gd32895ea62 (webtiles) character file.

Game seed: 10334202028369365909

60 jlumianski the Caller (level 3, 0/14 HPs)
             Began as a Felid Summoner on May 8, 2021.
             Slain by a centaur
             ... wielding a cursed -3 shortbow
              (8 damage)
             ... on level 3 of the Dungeon.
             The game lasted 00:17:06 (4148 turns).

jlumianski the Caller (Felid Summoner)              Turns: 4148, Time: 00:17:07

Health: 0/14       AC:  1    Str:  4    XL:     3   Next: 82%
Magic:  8/8        EV: 18    Int: 17    God:
Gold:   68         SH:  0    Dex: 16    Spells: 2/8 levels left
                                        Lives:  0   Deaths: 0

rFire    . . .     SeeInvis +   (weapon unavailable)
rCold    . . .     Faith    .   (shield unavailable)
rNeg     . . .     Spirit   .   (armour unavailable)
rPois    .         Reflect  .   (helmet unavailable)
rElec    .         Harm     .   (cloak unavailable)
rCorr    .         Rampage  .   (gloves unavailable)
Will     +....                  (boots unavailable)
Stlth    +++.......             (no amulet)
HPRegen  0.04/turn              a - ring of willpower
MPRegen  0.11/turn              (no ring)

@: quick
A: very small, no armour, no weapons or thrown items, stealth, claws 1, fangs 3,
see invisible, speed 1, shaggy fur 1, sharp paws
a: no special abilities


You were on level 3 of the Dungeon.
You visited 1 branch of the dungeon, and saw 3 of its levels.

You collected 68 gold pieces.

Inventory:

Jewellery
 a - a ring of willpower (left paw)
 l - a cursed amulet of inaccuracy
Scrolls
 f - a scroll of amnesia {unknown}
 g - a scroll of magic mapping
 h - 3 scrolls of blinking {unknown}
 i - a scroll of enchant armour {unknown}
 k - 2 scrolls of teleportation {unknown}
 m - a scroll of remove curse {unknown}
Potions
 b - a potion of haste
 c - a potion of flight {unknown}
 d - a potion of heal wounds {unknown}
 e - a potion of magic {unknown}
 j - a potion of curing
 n - a potion of brilliance {unknown}
 o - a potion of ambrosia {unknown}


   Skills:
 + Level 2.7 Dodging
 + Level 3.0 Stealth
 + Level 3.0 Spellcasting
 + Level 4.6 Summonings


You had 2 spell levels left.
You knew the following spells:

 Your Spells              Type           Power        Failure   Level
a - Summon Small Mammal   Summ           72%          2%          1
b - Call Imp              Summ           18%          3%          2
c - Call Canine Familiar  Summ           18%          8%          3

Your spell library contained the following spells:

 Spells                   Type           Power        Failure   Level
 Summon Guardian Golem    Hex/Summ       10%          21%         3
 Summon Ice Beast         Ice/Summ       10%          54%         4
 Summon Lightning Spire   Summ/Air       10%          54%         4


Dungeon Overview and Level Annotations

Branches:
Dungeon (3/15)

Altars:
Qazlal


Innate Abilities, Weirdness & Mutations

You cannot wear armour.
You are incapable of wielding weapons or throwing items.
Your paws allow you to move quietly. (Stealth)
You have sharp claws.
You have razor-sharp teeth.
You have supernaturally acute eyesight. (SInv)
You cover ground quickly.
You are covered in fur. (AC +1)
Your sharp claws are effective at attacking unaware monsters.


Message History

Casting: Summon Small Mammal (safe; 2% risk of failure)
Confirm with . or Enter, or press ? or * to list all spells.
The centaur shoots an arrow.
The arrow closely misses your quokka. The arrow barely misses your quokka.
The arrow closely misses you.
Your crimson imp disappears in a puff of smoke!
The centaur shoots an arrow.
The arrow hits your quokka!
Your quokka dies!
Your quokka's corpse disappears in a puff of smoke!
There is a stone staircase leading up here.
You climb upwards.
Your summoned allies are left behind.
There is a stone staircase leading down here.
You start resting.
Magic restored.
You start resting.
HP restored.
You climb downwards.
The centaur hits you with a cursed -3 shortbow.
The centaur hits you with a cursed -3 shortbow!
Ouch! That really hurt!
You die...

#. #. . #. #.
##.#### #.##.....#
......)..#
#........# ..
#...@.# ##.##
#...c.# ....
###.###
..#############.#
....#.##.cb.ยง..(#
##.##..#.##.....#
.......(...)....#
.......#.#......#
......##.#.#.#.##


You could see a centaur.

Vanquished Creatures
  A giant cockroach (D:3)
  A jackal (D:2)
2 creatures vanquished.

Vanquished Creatures (collateral kills)
  Robin (D:1)
  2 adders (D:2)
  4 worms
  2 dart slugs
  A leopard gecko (D:2)
  An orc (D:3)
  A ball python (D:2)
  A giant cockroach (D:1)
  13 goblins
  6 hobgoblins
  A quokka (D:2)
  4 bats
  A frilled lizard (D:1)
  5 kobolds
  6 rats
49 creatures vanquished.

Grand Total: 51 creatures vanquished

Notes
Turn   | Place    | Note
-------+----------+-------------------------------------------
     0 | D:1      | jlumianski the Felid Summoner began the quest for the Orb.
     0 | D:1      | Reached XP level 1. HP: 7/7 MP: 4/4
   544 | D:1      | Reached XP level 2. HP: 11/11 MP: 3/6
   547 | D:1      | Learned a level 2 spell: Call Imp
   966 | D:2      | Noticed Robin
  1681 | D:1      | Killed Robin
  2085 | D:2      | Reached XP level 3. HP: 14/14 MP: 2/7
  2089 | D:2      | Learned a level 3 spell: Call Canine Familiar
  3096 | D:2      | Found a stormy altar of Qazlal.
  3927 | D:3      | Noticed a centaur
  4148 | D:3      | Slain by a centaur

Illustrated notes

Levels and vault maps discovered:
D:1:      amcnicky_arrival_flooded_fountain, layout_basic, supply_closet_lemuel
D:2:      layout_basic, marbit_many_paths, hangedman_decor_points, uniq_robin
D:3:      layout_loops_corners, kennysheep_crisscross, minmay_misc_feat_alley

Skill      XL: |  1  2  3 |
---------------+----------+-----
Stealth        | 3 |  3.0
Spellcasting   | 3 |  3.0
Dodging        | |  2.7
Summonings     | |  4.6

Action                   || total
-------------------------++-------
Melee: Unarmed           ||    30
       Bite              ||     2
 Cast: Summon Small Mamm ||    93
       Call Imp          ||    26
  Use: Scroll            ||     4
       Potion            ||     2
 Stab: Sleeping          ||     3
Armor: Skin              ||     4
Dodge: Dodged            ||    79
